 Dungeon Crawl Stone Soup version 0.26-a0-540-g8a0c9464d7 (webtiles) character file.

Game seed: 6217953719497576819

298 Murumi the Shield-Bearer (level 6, -13/51 HPs)
             Began as a Formicid Fighter on Aug 15, 2020.
             Mangled by Menkaure (18 damage)
             ... on level 4 of the Dungeon.
             The game lasted 00:09:20 (3298 turns).

Murumi the Shield-Bearer (Formicid Fighter)         Turns: 3298, Time: 00:09:20

Health: -13/51     AC:  7    Str: 21    XL:     6   Next: 62%
Magic:  6/6        EV:  8    Int:  8    God:
Gold:   178        SH: 10    Dex: 11    Spells: 5/5 levels left

rFire    . . .     SeeInvis +   a - +0 long sword
rCold    . . .     Faith    .   c - +0 kite shield
rNeg     . . .     Spirit   .   b - +0 scale mail
rPois    .         Reflect  .   (helmet unavailable)
rElec    .         Harm     +   l - scarf {harm}
rCorr    .                      (no gloves)
MR       .....                  (no boots)
Stlth    ..........             (no amulet)
HPRegen  0.17/turn              (no ring)
MPRegen  0.10/turn              (no ring)

@: no status effects
A: permanent stasis, dig shafts and tunnels, four strong arms, antennae 3
a: Dig, Shaft Self


You were on level 4 of the Dungeon.
You visited 1 branch of the dungeon, and saw 4 of its levels.

You collected 178 gold pieces.

Inventory:

Hand Weapons
 a - a +0 long sword (weapon)
Missiles
 j - 44 bolts
Armour
 b - a +0 scale mail (worn)
 c - a +0 kite shield (worn)
 l - a scarf of harm (worn)
Scrolls
 k - a scroll of remove curse
Potions
 e - a potion of brilliance
 f - 2 potions of heal wounds
 g - a potion of haste {unknown}
 h - a potion of curing {unknown}
 i - a potion of invisibility {unknown}
 m - 3 potions of flight


   Skills:
 - Level 5.0 Fighting
 - Level 4.0 Long Blades
 + Level 4.0 Armour
 - Level 1.0 Dodging
 - Level 5.0 Shields


You had 5 spell levels left.
You didn't know any spells.
Your spell library was empty.

Dungeon Overview and Level Annotations

Branches:
Dungeon (4/15)
 Temple: D:4-7

Altars:
Dithmenos
Qazlal

Annotations:
D:4 Menkaure


Innate Abilities, Weirdness & Mutations

You cannot be hasted, slowed, berserked, paralysed or teleported.
You can dig through walls and to a lower floor.
Your four strong arms can wield two-handed weapons with a shield.
You have a pair of large antennae on your head. (SInv)


Message History

The phantom is lightly damaged.
The phantom hits you but does no damage.
You slash the phantom!
The phantom is moderately damaged.
The phantom blinks!
You slash Menkaure!
Menkaure is heavily damaged.
You block Menkaure's attack. Menkaure hits you!
* * * LOW HITPOINT WARNING * * *
Okay, then.
You hit Menkaure.
Menkaure is heavily damaged.
Menkaure grins.
You block Menkaure's attack.
You hit Menkaure.
Menkaure is severely damaged.
Menkaure hits you.
* * * LOW HITPOINT WARNING * * *
Menkaure hits you!
You die...

#.........##..#
#......)..##.##
#....<.....##.#
#...........##.#
...####.######.#
... #.# ##..#
#..###
#.####.##M##
#.....W..#@#
.....[....###
#........{#
..........#
###.....:.# .
#.......#
##......#
#......#


You could see Menkaure (fast).

Vanquished Creatures
  Sigmund (D:4)
  An orc priest (D:3)
  An orc wizard (D:4)
  3 adders
  An ooze (D:2)
  A dart slug (D:1)
  A leopard gecko (D:1)
  6 orcs (D:3)
  A ball python (D:2)
  8 bats
  4 giant cockroaches
  7 goblins
  4 hobgoblins
  9 kobolds
  4 frilled lizards (D:1)
  A jackal zombie (D:3)
  4 rats
57 creatures vanquished.

Notes
Turn   | Place    | Note
-------+----------+-------------------------------------------
     0 | D:1      | Murumi the Formicid Fighter began the quest for the Orb.
     0 | D:1      | Reached XP level 1. HP: 18/18 MP: 1/1
    77 | D:1      | Reached skill level 1 in Dodging
   125 | D:1      | Reached XP level 2. HP: 24/24 MP: 2/2
   508 | D:1      | Reached XP level 3. HP: 29/29 MP: 3/3
  1352 | D:2      | Reached XP level 4. HP: 37/37 MP: 4/4
  1800 | D:3      | Found a shadowy altar of Dithmenos.
  2275 | D:3      | Found a stormy altar of Qazlal.
  2867 | D:3      | Reached XP level 5. HP: 21/42 MP: 5/5
  3029 | D:4      | Reached skill level 5 in Shields
  3069 | D:4      | Noticed Sigmund
  3079 | D:4      | Killed Sigmund
  3079 | D:4      | Reached skill level 5 in Fighting
  3079 | D:4      | Reached XP level 6. HP: 30/51 MP: 6/6
  3281 | D:4      | Noticed a phantom
  3285 | D:4      | Noticed Menkaure
  3298 | D:4      | Mangled by Menkaure

Illustrated notes

Levels and vault maps discovered:
D:1:      minmay_arrival_four_circles, layout_basic, kennysheep_boxes
D:2:      layout_basic
D:3:      layout_rooms, lemuel_crystal_altar, grunt_qazlal_sundering
D:4:      layout_rooms, evilmike_ruin_ashenzari, gammafunk_ghost_stat_death,
          minmay_fountain_box, uniq_sigmund, uniq_menkaure, uniq_edmund

Skill      XL: |  1  2  3  4  5 |
---------------+----------------+-----
Dodging        | 1 |  1.0
Shields        | 4 5 |  5.0
Long Blades    | 3 4 |  4.0
Fighting       | 4 5 |  5.0
Armour         | 4 |  4.0

Action                   |  1- 3 |  4- 6 || total
-------------------------+-------+-------++-------
Melee: Long sword        |    92 |   108 ||   200
 Abil: Dig               |       |     1 ||     1
  Use: Scroll            |     6 |     1 ||     7
       Potion            |     1 |     1 ||     2
Armor: Scale mail        |    41 |    39 ||    80
Dodge: Dodged            |    26 |    43 ||    69
Block: Kite shield       |    55 |    68 ||   123
       Rpst.: Long sword |     9 |     8 ||    17

Table legend: (Time is in decaauts)
 A = Elapsed time spent in this place.
 B = Non-inter-level travel time spent in this place.
 C = Inter-level travel time spent in this place.
 D = Time resting spent in this place.
 E = Time spent auto-exploring this place.
 F = Levels seen in this place.
 G = Mean time per level.
                   A        B        C        D        E       F      G
               +--------+--------+--------+--------+--------+-----+--------+
         Total |   3368 |   3156 |    212 |    717 |   1826 |   4 |  842.0 |
       Dungeon |   3368 |   3156 |    212 |    717 |   1826 |   4 |  842.0 |
               +--------+--------+--------+--------+--------+-----+--------+

Top non-repeatable levels by time:
     D:2: 1202 daAuts
     D:1: 1050 daAuts
     D:3: 855 daAuts
     D:4: 260 daAuts
